 Dungeon Crawl Stone Soup version 0.19.1 (webtiles) character file.

1645 loralnil the Martial Artist (level 8, 0/42 HPs)
             Began as a Vine Stalker Monk on Dec 11, 2016.
             Slain by a sky beast (5 damage)
             ... on level 6 of the Dungeon.
             The game lasted 00:12:14 (4705 turns).

loralnil the Martial Artist (Vine Stalker Monk)     Turns: 4705, Time: 00:12:14

Health: 0/42       AC:  3    Str: 16    XL:     8   Next: 99%
Magic:  0/9        EV: 13    Int: 10    God:
Gold:   227        SH:  5    Dex: 12    Spells: 1 memorised, 6 levels left

rFire  . . .     SeeInvis .       - Unarmed
rCold  + . .     Gourm    .     a - +1 robe
rNeg   + + .     Faith    .     y - +0 buckler
rPois  +         Spirit   +     (no helmet)
rElec  .         Reflect  +     (no cloak)
rCorr  .         Harm     .     (no gloves)
MR     +++..                    (no boots)
Stlth  +++.......               w - amulet of Xuobaoca {Reflect rPois rN+ MR++ Dex-5 SH+2}
                                g - ring of positive energy
                                k - ring of protection from cold

@: no status effects
A: fangs 3, regeneration 1, magic shield, antimagic bite, no device heal 3, rot
immunity
a: no special abilities


You were on level 6 of the Dungeon.
You were hungry.

You visited 1 branch of the dungeon, and saw 6 of its levels.

You collected 227 gold pieces.

Inventory:

Armour
 a - a +1 robe (worn)
 v - a +0 pair of boots
 y - a +0 buckler (worn)
Jewellery
 g - a ring of positive energy (right hand)
 j - an uncursed ring of protection from fire
 k - a ring of protection from cold (left hand)
 l - an uncursed ring of stealth
 w - the amulet of Xuobaoca (around neck) {Reflect rPois rN+ MR++ Dex-5 SH+2}
   (You acquired it on level 6 of the Dungeon)

   [amulet of reflection]

   It shields you and reflects attacks.
   It affects your dexterity (-5).
   It protects you from poison.
   It protects you from negative energy.
   It affects your resistance to hostile enchantments.
   It affects your SH (+2).
Wands
 p - a wand of acid (3/15)
Scrolls
 i - a scroll of teleportation
 o - a scroll of fear
 q - 2 scrolls of remove curse
Potions
 d - a potion of resistance {unknown}
 e - 4 potions of curing {unknown}
 h - a potion of brilliance {unknown}
 n - 3 potions of ambrosia {unknown}
 s - a potion of cancellation {unknown}
 t - 2 potions of berserk rage {unknown}
 u - a potion of mutation {unknown}
Books
 r - a book of Callings

   Spells                             Type                      Level
   a - Summon Small Mammal            Summoning                    1
   b - Call Imp                       Summoning                    2
   c - Call Canine Familiar           Summoning                    3
   d - Summon Guardian Golem          Hexes/Summoning              3
   e - Summon Lightning Spire         Summoning/Air                4
   f - Summon Ice Beast               Ice/Summoning                4
Comestibles
 b - 4 bread rations
 c - 2 beef jerkies
 f - 4 fruits
 m - 2 meat rations
 x - a royal jelly


   Skills:
 + Level 4.2 Fighting
 + Level 5.0 Dodging
 + Level 6.6 Stealth
 + Level 8.2 Unarmed Combat


You had 6 spell levels left.
You knew the following spells:

 Your Spells              Type           Power        Failure   Level  Hunger
a - Summon Small Mammal   Summ           #...         67%         1    ##.....


Dungeon Overview and Level Annotations

Branches:
Dungeon (6/15)
 Temple: D:4-7

Altars:
Kikubaaqudgha
Xom
Yredelemnul

Shops:
D:4 (

Annotations:
D:3 Yurafenix's ghost, amateur MiFi
D:4 doubledope's ghost, weakling MiFi


Innate Abilities, Weirdness & Mutations

You have razor-sharp teeth.
Your natural rate of healing is unusually fast.
When hurt, damage is shared between your health and your magic reserves.
Your bite disrupts and absorbs the magic of your enemies.
Potions and wands cannot restore your health.
You are immune to rotting.


Message History

You miss the hound. Your bite misses the hound. The hound bites you.
You closely miss the hound. The hound misses you. The hound bites you.
A leopard gecko and a jackal come into view.
The jackal barks! x2
You block the hound's attack.
You climb downwards.
The jackal bites you. Something hits you. Something shocks you.
* * * LOW HITPOINT WARNING * * *
You block the jackal's attack. Something hits you.
* * * LOW HITPOINT WARNING * * *
Something shocks you.
* * * LOW HITPOINT WARNING * * *
There is a stone staircase leading up here.
The jackal bites you.
* * * LOW HITPOINT WARNING * * *
Something hits you but does no damage. The hound closely misses you.
Something hits you.
* * * LOW HITPOINT WARNING * * *
Something shocks you.
You die...

######## #.####.#######.# #
.......# #.# #.# #.# # ######.#
#.# #.# #.###### # #.# #.# #.#
#.##...### #.#
#.####.#######.##...... #.#
#.....................#
######.####......######....(.[..#
.............##..# #.#.......#
######.####.†##.@# #.###....##
#.# #..##.h#### #.# #....#
######.####.....h...# #.# ##.#h#
........>(...##.#.#.# #.# #.#.#
######.#####.##.#.#.# #.# #.#h##
#.# #.##.#.#.# #.# #.#{.. #.#
#.##.#.#{###.# #.#### #.#
#............####.#... #.#
####.#............#(..


You could see a hound and a jackal.

Vanquished Creatures
  2 ice beasts (D:6)
  2 ogres
  3 centaurs (D:6)
  2 bullfrogs (D:6)
  3 scorpions
  A howler monkey (D:4)
  A crimson imp (D:6)
  A hound (D:5)
  A quasit (D:6)
  2 orc priests
  5 orc wizards
  A bullfrog skeleton (D:5)
  A centaur skeleton (D:4)
  Ijyb (D:4)
  5 worker ants
  11 adders
  2 oozes (D:1)
  A worm (D:2)
  A dart slug (D:6)
  3 leopard geckos
  14 orcs
  A ball python (D:1)
  4 giant cockroaches
  12 goblins
  5 hobgoblins
  24 jackals
  4 quokkas
  7 bats
  6 frilled lizards
  3 kobolds
  2 rats (D:1)
131 creatures vanquished.

Notes
Turn   | Place    | Note
-------+----------+-------------------------------------------
     0 | D:1      | loralnil the Vine Stalker Monk began the quest for the Orb.
     0 | D:1      | Reached XP level 1. HP: 11/11 MP: 2/2
   132 | D:1      | Reached XP level 2. HP: 10/16 MP: 3/3
   602 | D:1      | Reached XP level 3. HP: 16/20 MP: 4/4
   939 | D:2      | Gained mutation: Your natural rate of healing is unusually fast. [Vine Stalker growth]
   939 | D:2      | Reached XP level 4. HP: 10/24 MP: 5/5
  1270 | D:2      | Reached skill level 4 in Unarmed Combat
  1303 | D:2      | Found a faded altar of an unknown god.
  1526 | D:2      | Reached XP level 5. HP: 28/28 MP: 6/6
  1609 | D:2      | Found a shimmering altar of Xom.
  1609 | D:2      | Found a basalt altar of Yredelemnul.
  1616 | D:2      | Found a faded altar of an unknown god.
  1618 | D:2      | Found a faded altar of an unknown god.
  1619 | D:2      | Found a faded altar of an unknown god.
  1829 | D:3      | Noticed Yurafenix's ghost (amateur MiFi)
  1923 | D:4      | Found Juaxiv's Antique Weapon Shoppe.
  2066 | D:4      | Reached XP level 6. HP: 15/32 MP: 5/7
  2159 | D:4      | Reached skill level 5 in Unarmed Combat
  2210 | D:4      | Noticed doubledope's ghost (weakling MiFi)
  2673 | D:4      | Found an ancient bone altar of Kikubaaqudgha.
  2729 | D:4      | Reached XP level 7. HP: 27/36 MP: 8/8
  2818 | D:4      | Reached skill level 5 in Stealth
  3252 | D:4      | Reached skill level 6 in Unarmed Combat
  3446 | D:4      | Noticed Ijyb
  3469 | D:4      | Killed Ijyb
  3553 | D:5      | Entered Level 5 of the Dungeon
  3715 | D:6      | Gained mutation: You have razor-sharp teeth. [Vine Stalker growth]
  3715 | D:6      | Reached XP level 8. HP: 25/42 MP: 9/9
  3991 | D:6      | Identified a scroll of acquirement
  3994 | D:6      | Got a translucent platinum amulet
  3995 | D:6      | Identified the amulet of Xuobaoca {Reflect rPois rN+ MR++ Dex-5 SH+2} (You acquired it on level 6 of the Dungeon)
  4008 | D:6      | Reached skill level 7 in Unarmed Combat
  4311 | D:6      | Learned a level 1 spell: Summon Small Mammal
  4348 | D:6      | HP: 2/42 [bullfrog (3)]
  4485 | D:6      | Reached skill level 8 in Unarmed Combat
  4658 | D:6      | Reached skill level 5 in Dodging
  4705 | D:6      | Slain by a sky beast

Skill      XL: |  1  2  3  4  5  6  7  8 |
---------------+-------------------------+-----
Fighting       | 3 4 |  4.2
Stealth        | 3 4 5 6 |  6.6
Unarmed Combat | 4 5 6 8 |  8.2
Dodging        | 3 4 5 |  5.0

Action                   |  1- 3 |  4- 6 |  7- 9 || total
-------------------------+-------+-------+-------++-------
Melee: Unarmed           |    90 |   244 |   199 ||   533
       Bite              |    21 |    68 |    61 ||   150
       Punch             |     3 |     3 |     3 ||     9
  Use: Scroll            |       |     8 |     5 ||    13
 Stab: Sleeping          |     8 |    15 |     7 ||    30
       Distracted        |       |       |     1 ||     1
  Eat: Chunk             |       |     5 |     7 ||    12
Armor: Robe              |    22 |    46 |    34 ||   102
Dodge: Dodged            |    62 |   157 |   148 ||   367
Block: Buckler           |       |       |     6 ||     6
       Other             |       |       |     2 ||     2
